 Dungeon Crawl Stone Soup version 0.30-a0-140-gd1020e658a (webtiles) character file.

Game seed: 13574277624768168892

4575 bande the Cleaver (level 10, -2/63 HPs)
             Began as a Gargoyle Fighter on Sept 25, 2022.
             Was a Follower of Okawaru.
             Killed from afar by a steam dragon (8 damage)
             ... with a ball of steam
             ... on level 8 of the Dungeon.
             The game lasted 00:13:58 (8549 turns).

bande the Cleaver (Gargoyle Fighter)                Turns: 8549, Time: 00:13:59

Health: -2/63      AC: 26    Str: 19    XL:     10   Next: 41%
Magic:  12/12      EV:  5    Int: 10    God:    Okawaru [*.....]
Gold:   284        SH:  5    Dex: 13    Spells: 9/9 levels left

rFire   . . .      SeeInvis .    a - +0 war axe (freeze)
rCold   . . .      Faith    .    c - +0 buckler
rNeg    + . .      Spirit   .    h - +0 plate armour
rPois   ∞          Reflect  .    v - +1 helmet
rElec   +          Harm     .    y - +0 cloak
rCorr   .          Rampage  .    (no gloves)
Will    +....                    e - +1 pair of boots
Stlth   ..........               (no amulet)
HPRegen 0.20/turn                b - ring of willpower
MPRegen 0.13/turn                (no ring)

@: no status effects
A: sickness immunity, AC +7, negative energy resistance 1, electricity
resistance, torment resistance 1, petrification resistance
a: Renounce Religion, Heroism


You were on level 8 of the Dungeon.
You worshipped Okawaru.
Okawaru was aware of your devotion.
You visited 2 branches of the dungeon, and saw 9 of its levels.

You collected 284 gold pieces.

Inventory:

Hand Weapons
 a - a +0 war axe of freezing (weapon)
 s - a +0 flail
 t - a +0 war axe
Armour
 c - a +0 buckler (worn)
 e - a +1 pair of boots (worn)
 h - a +0 plate armour (worn)
 v - a +1 helmet (worn)
 y - a +0 cloak (worn)
Jewellery
 b - a ring of willpower (left hand)
Wands
 x - a wand of polymorph (9)
 A - a wand of quicksilver (13)
Scrolls
 d - a scroll of enchant weapon {unknown}
 i - 3 scrolls of teleportation
 j - a scroll of enchant armour
 q - a scroll of silence
 w - a scroll of fog
 z - 2 scrolls of identify
Potions
 f - 5 potions of curing
 g - 3 potions of magic
 k - a potion of degeneration {unknown}
 l - 4 potions of ambrosia {unknown}
 m - 4 potions of brilliance {unknown}
 n - 2 potions of flight {unknown}
 o - a potion of lignification {unknown}
 p - 2 potions of cancellation {unknown}
 r - a potion of heal wounds {unknown}
 u - a potion of might


   Skills:
 + Level 7.4 Fighting
 + Level 9.9 Axes
 + Level 7.2 Armour
 - Level 0.1 Stealth
 + Level 6.3 Shields
 * Level 3.2 Invocations
 * Level 1.6 Evocations


You had 9 spell levels left.
You didn't know any spells.
Your spell library contained the following spells:

 Spells                   Type           Power      Damage    Failure   Level
 Scorch                   Fire           0%         2d5       100%        2
 Anguish                  Hex/Necr       0%         N/A       100%        4
 Flame Wave               Conj/Fire      0%         2d4       100%        4
 Olgreb's Toxic Radiance  Pois           0%         N/A       100%        4
 Freezing Cloud           Conj/Ice/Air   0%         6-21      100%        5
 Yara's Violent Unravell  Hex/Tmut       0%         3d3       100%        5
 Enfeeble                 Hex            0%         N/A       100%        7
 Ozocubu's Refrigeration  Ice            0%         4d7       100%        7
 Ignition                 Fire           0%         3d3       100%        8
 Summon Cactus Giant      Summ           Unusable   N/A       N/A         6

Dungeon Overview and Level Annotations

Branches:
Dungeon (8/15)             Temple (1/1) D:7
   Lair: D:8-11

Altars:
Elyvilon
Kikubaaqudgha
Nemelex Xobeh
Okawaru
Trog
Uskayaw
Yredelemnul

Shops:
D:3 (   D:5 [

Annotations:
D:1 1 transporter


Innate Abilities, Weirdness & Mutations

You are immune to sickness and miasma.
Your stone body is resilient. (AC +7)
You are immune to poison.
You resist negative energy. (rN+)
You are resistant to electric shocks. (rElec)
You are resistant to unholy torment.
You are immune to petrification.


Message History

The steam dragon hisses angrily.
You see here a wand of quicksilver (13).
A - a wand of quicksilver (13)
The steam dragon breathes steam at you. The ball of steam hits you.
* * * LOW HITPOINT WARNING * * *
As you read the scroll of teleportation, it crumbles to dust.
You feel strangely unstable.
You are engulfed in a cloud of scalding steam.
* * * LOW HITPOINT WARNING * * *
You feel better.
You are engulfed in a cloud of scalding steam.
* * * LOW HITPOINT WARNING * * *
You feel better.
You are engulfed in a cloud of scalding steam.
* * * LOW HITPOINT WARNING * * *
Your surroundings suddenly seem different.
An orc comes into view. It is wielding a +0 short sword.
The orc shouts!
An orc is nearby!
An orc is nearby!
An orc is nearby!
An orc is nearby!
An orc is nearby!
An orc is nearby!
An orc is nearby!
An orc is nearby!
An orc is nearby!
The orc hits you but does no damage.
You hit the orc. You freeze the orc.
The orc is moderately wounded.
The orc barely misses you.
You hit the orc. You freeze the orc.
The orc is heavily wounded.
The orc barely misses you.
You closely miss the orc.
The orc is heavily wounded.
The steam dragon breathes steam at you. The ball of steam hits you!
You die...

#.).<.##.# ##..###..#
#############
#...D)......#
#..§§....)..'
#...........#
##+######...#####...#
#...........# #...#
#...@§§D....# #...#
#...o......[# #...#
#...######### #.O.#
#... #.... #... #...
#... #...


You could see an orc.

Vanquished Creatures
  A two-headed ogre (D:8)
  Pikel (D:5)
  The ghost of ragingrage the Skirmisher, a novice BaHu (D:4)
  Sigmund (D:6)
  A steam dragon (D:6)
  2 water moccasins (D:7)
  3 orc warriors
  2 sky beasts (D:7)
  2 black bears
  3 centaurs
  2 ogres
  2 kobold brigands (D:7)
  A lemure (D:5)
  4 bullfrogs
  A necrophage (D:4)
  A water moccasin zombie (D:4)
  7 killer bees
  A centaur zombie (D:4)
  A jelly (D:7)
  5 hounds
  5 orc priests
  4 iguanas
  Crazy Yiuf (D:7)
  6 orc wizards
  A mummy (D:4)
  Robin (D:4)
  2 river rats (D:6)
  8 adders
  3 white imps (D:7)
  2 worms (D:2)
  6 dart slugs
  25 orcs
  5 ball pythons
  8 endoplasms
  2 giant cockroaches (D:6)
  12 goblins
  14 hobgoblins
  8 jackals
  5 quokkas
  5 bats
  6 frilled lizards
  18 kobolds
  10 rats
199 creatures vanquished.

Vanquished Creatures (others)
  A human (D:6)
1 creature vanquished.

Grand Total: 200 creatures vanquished

Notes
Turn   | Place    | Note
-------+----------+-------------------------------------------
     0 | D:1      | bande the Gargoyle Fighter began the quest for the Orb.
     0 | D:1      | Reached XP level 1. HP: 14/14 MP: 1/1
    56 | D:1      | Reached XP level 2. HP: 16/19 MP: 2/2
   452 | D:1      | Reached skill level 2 in Axes
   687 | D:1      | Reached XP level 3. HP: 22/23 MP: 3/3
   919 | D:1      | Found a faded altar of an unknown god.
  1589 | D:2      | Got Sif Muna's Anthology of Stormy Imprecation
  1697 | D:2      | Reached XP level 4. HP: 16/28 MP: 4/4
  2543 | D:3      | Identified the +9 sling "Ahuok" {freeze, rC++ rN+ Dex+5}
  2689 | D:3      | Noticed a centaur
  2699 | D:3      | Killed a centaur
  2700 | D:3      | Reached skill level 3 in Axes
  2700 | D:3      | Reached XP level 5. HP: 33/33 MP: 5/5
  2734 | D:3      | Found Koluweg's Weapon Shoppe.
  2925 | D:3      | Found a basalt altar of Yredelemnul.
  3268 | D:4      | Reached skill level 4 in Axes
  3268 | D:4      | Reached XP level 6. HP: 38/38 MP: 6/6
  3381 | D:4      | Noticed a black bear
  3393 | D:4      | Killed a black bear
  3507 | D:4      | Found a transporter.
  3522 | D:4      | Noticed Robin
  3540 | D:4      | Killed Robin
  3862 | D:4      | Found a transporter.
  3865 | D:4      | Noticed ragingrage's ghost (novice BaHu)
  3992 | D:5      | Entered Level 5 of the Dungeon
  4018 | D:5      | Reached XP level 7. HP: 43/43 MP: 7/7
  4052 | D:5      | Reached skill level 5 in Axes
  4243 | D:5      | Noticed Pikel
  4253 | D:5      | Killed Pikel
  4254 | D:5      | Reached skill level 6 in Axes
  4254 | D:5      | Reached skill level 5 in Armour
  4254 | D:5      | Reached XP level 8. HP: 39/48 MP: 8/8
  4507 | D:5      | Reached skill level 5 in Fighting
  4755 | D:5      | Found Zikhlippe's Antique Armour Emporium.
  4873 | D:5      | Found a hide-covered altar of Uskayaw.
  5142 | D:5      | Found a bloodstained altar of Trog.
  5312 | D:6      | Reached skill level 5 in Shields
  5312 | D:6      | Noticed Sigmund
  5326 | D:6      | Killed Sigmund
  5327 | D:6      | Reached skill level 7 in Axes
  5520 | D:6      | Found an ancient bone altar of Kikubaaqudgha.
  5801 | D:6      | Reached XP level 9. HP: 46/55 MP: 9/9
  5882 | D:6      | Found a sparkling altar of Nemelex Xobeh.
  6173 | D:6      | Reached skill level 8 in Axes
  6523 | D:4      | Killed ragingrage's ghost
  6749 | D:7      | Found a staircase to the Ecumenical Temple.
  6754 | D:7      | Reached skill level 9 in Axes
  6761 | Temple   | Entered the Ecumenical Temple
  6780 | Temple   | Became a worshipper of Warmaster Okawaru
  6964 | D:7      | Reached skill level 1 in Invocations
  6996 | D:7      | HP: 1/56 [killer bee (3)]
  7393 | D:7      | Reached XP level 10. HP: 63/63 MP: 11/11
  7519 | D:7      | Found a white marble altar of Elyvilon.
  8125 | D:7      | Found a runed translucent door.
  8126 | D:7      | Noticed Crazy Yiuf
  8139 | D:7      | Killed Crazy Yiuf
  8481 | D:8      | Reached * piety under Okawaru
  8482 | D:8      | Reached skill level 1 in Evocations
  8482 | D:8      | Noticed a two-headed ogre
  8506 | D:8      | Killed a two-headed ogre
  8549 | D:8      | Killed from afar by a steam dragon

Illustrated notes

Levels and vault maps discovered:
D:1:      spicycebolla_arrival_risky_transporter, layout_basic,
          dreamdust_ecumenical_altar_angels_and_demons, kennysheep_minor_cross
D:2:      wander_river, layout_rooms, serial_curves, eino_curves_04,
          eino_curves_01, eino_curves_01
D:3:      layout_loops_ring, pf_just_have_faith, serial_shops,
          nicolae_shop_hallway_stairs, chequers_decorated_corner,
          kennysheep_path_1
D:4:      layout_rooms, gammafunk_ghost_mausoleum, uniq_robin
D:5:      layout_loops_ring, mainiacjoe_overflow_brackets,
          nicolae_uskayaw_suspiria, serial_shops, nicolae_diamond_shop,
          nicolae_concentric_dashed_squares_mild, grunt_ministairs_1, uniq_pikel
D:6:      layout_loops_ring, mainiacjoe_overflow_alcove_4, tgw_kikubaaqudgha,
          portal_sewer_entry_e, uniq_sigmund
D:7:      layout_basic, mainiacjoe_overflow_surrounded_room,
          minmay_temple_entry_proselytizer, uniq_crazy_yiuf_cottage
D:8:      kennysheep_blocky_hall, layout_rooms,
          mainiacjoe_overflow_tiny_flanked, kennysheep_nub, uniq_maurice
Temple:   bh_familiar_temple

Skill      XL: |  1  2  3  4  5  6  7  8  9 10 |
---------------+-------------------------------+-----
Axes           | 2 3 4 6 7 9 |  9.9
Armour         | 4 5 6 7 |  7.2
Shields        | 4 5 6 |  6.3
Fighting       | 4 5 7 |  7.4
Invocations    | 2 3 |  3.2
Evocations     | 1 |  1.6
Stealth        | |  0.1

Action                   |  1- 3 |  4- 6 |  7- 9 | 10-12 || total
-------------------------+-------+-------+-------+-------++-------
Melee: War axe           |   133 |   162 |   362 |   108 ||   765
Evoke: Wand              |       |       |       |     1 ||     1
  Use: Scroll            |     5 |     2 |     7 |     1 ||    15
       Potion            |       |       |     3 |     2 ||     5
 Stab: Invisible         |       |       |       |     2 ||     2
Armor: Scale mail        |    45 |       |       |       ||    45
       Plate armour      |    50 |   171 |   271 |    76 ||   568
Dodge: Dodged            |    58 |    61 |    81 |    35 ||   235
Block: Buckler           |    45 |    48 |   104 |    22 ||   219

Table legend: (Time is in decaauts)
 A = Elapsed time spent in this place.
 B = Non-inter-level travel time spent in this place.
 C = Inter-level travel time spent in this place.
 D = Time resting spent in this place.
 E = Time spent auto-exploring this place.
 F = Levels seen in this place.
 G = Mean time per level.
                   A        B        C        D        E       F      G
               +--------+--------+--------+--------+--------+-----+--------+
         Total |   8755 |   8546 |    209 |    900 |   5615 |   9 |  972.8 |
       Dungeon |   8724 |   8515 |    209 |    900 |   5599 |   8 | 1090.5 |
        Temple |     31 |     31 |      0 |      0 |     16 |   1 |   31.0 |
               +--------+--------+--------+--------+--------+-----+--------+

Top non-repeatable levels by time:
     D:7: 1561 daAuts
     D:5: 1416 daAuts
     D:1: 1301 daAuts
     D:6: 1189 daAuts
     D:2: 1144 daAuts
     D:3: 910 daAuts
     D:4: 890 daAuts
     D:8: 310 daAuts
  Temple: 31 daAuts
